AoeStats
← EMPEROR98265292

MegaRandom

510131263Analyzed
2v2 RM · 3d ago on Sep 29, 2026· 64m 31s· 4 players
Game mode
Random Map
Map size
Medium (4 player)
Population
200
Speed
Normal
Resources
Standard
Victory
Conquest
Starting age
Dark Age
Ending age
Imperial Age
RankedLock teamsTeams togetherTeam positionsShared explorationLock speedFull tech treeHidden civsTurbo modeCheats
Victory
Defeat
🇮🇳 Georgians · India
1551
+12
🇮🇳 Italians · India
1385
+19
🇹🇷 Mongols · Türkiye
1477
-16
🇹🇷 Japanese · Türkiye
1446
-15
tpflippy
8:22 Loom
10:42 Feudal Age
15:13 Castle Age
13:04 Double-Bit Axe
13:57 Stone Mining
18:12 Fletching
22:41 Bodkin Arrow
25:22 Bloodlines
25:12 Husbandry
28:06 Ballistics
29:01 Padded Archer Armor
33:13 Leather Archer Armor
35:32 Gold Mining
41:05 Wheelbarrow
40:45 Bow Saw
41:45 Horse Collar
44:34 Gold Shaft Mining
47:28 Imperial Age
47:29 Stone Shaft Mining
48:15 Bracer
48:57 Elite Mangudai
karamuk
6:58 Loom
9:46 Feudal Age
10:26 Man-at-Arms
21:17 Castle Age
20:19 Fletching
20:29 Padded Archer Armor
23:25 Gold Mining
24:24 Bodkin Arrow
25:25 Double-Bit Axe
26:41 Leather Archer Armor
26:10 Horse Collar
30:31 Wheelbarrow
30:56 Ballistics
30:50 Bow Saw
30:43 Heavy Plow
35:23 Husbandry
35:33 Bloodlines
35:55 Stone Mining
36:41 Gold Shaft Mining
37:09 Thumb Ring
40:47 Hand Cart
43:06 Imperial Age
42:34 Gold Shaft Mining
43:57 Bracer
44:30 Ring Archer Armor
45:02 Chemistry
45:03 Parthian Tactics
44:42 Town Watch
46:12 Two-Man Saw
45:38 Heavy Cavalry Archer
49:52 Conscription
EMPEROR98265292
7:04 Loom
9:04 Feudal Age
12:02 Horse Collar
16:44 Forging
17:49 Scale Barding Armor
22:03 Castle Age
21:20 Bloodlines
24:36 Chain Barding Armor
24:56 Wheelbarrow
26:24 Husbandry
27:47 Double-Bit Axe
29:28 Iron Casting
31:50 Fletching
33:53 Hand Cart
36:09 Bow Saw
35:52 Gold Mining
35:53 Stone Mining
36:56 Bodkin Arrow
42:37 Stone Shaft Mining
45:10 Imperial Age
43:02 Svan Towers
43:09 Murder Holes
43:57 Guard Tower
43:37 Light Cavalry
45:03 Ballistics
46:14 Conscription
46:30 Plate Barding Armor
46:56 Blast Furnace
45:18 Cavalier
47:39 Bracer
48:48 Arrowslits
49:47 Keep
50:13 Chemistry
51:18 Treadmill Crane
51:48 Masonry
56:55 Guilds
59:20 Coinage
58:51 Caravan
60:58 Architecture
63:44 Spies/Treason
Sanskari Ladka
6:28 Loom
9:02 Feudal Age
9:31 Double-Bit Axe
12:16 Horse Collar
13:08 Gold Mining
14:20 Wheelbarrow
14:25 Fletching
18:36 Town Watch
20:02 Padded Archer Armor
22:36 Castle Age
22:44 Crossbowman
23:20 Bodkin Arrow
23:26 Padded Archer Armor
29:39 Ballistics
34:34 Leather Archer Armor
41:55 Imperial Age
42:01 Thumb Ring
42:29 Bow Saw
42:26 Heavy Plow
43:16 Bracer
44:19 Chemistry
43:51 Elite Genoese Crossbowman
45:42 Masonry
45:43 Fortified Wall
52:30 Town Patrol
52:46 Hand Cart
53:32 Two-Man Saw
53:03 Crop Rotation
52:26 Stone Mining
Connection lost

Rejoining the realm…

Still unreachable

The connection could not be restored.

Session expired

The server has moved on; the page needs a fresh start.